 Dungeon Crawl Stone Soup version 0.27.0-1-g7a089689b8 (webtiles) character file.

Game seed: 12271969951529765585

49 ZombieSheep the Slasher (level 3, -2/52 HPs)
             Began as a Gnoll Wanderer on Aug 6, 2021.
             Was a Believer of Yredelemnul.
             Slain by a gnoll (10 damage)
             ... on level 3 of the Dungeon.
             The game lasted 00:03:07 (1530 turns).

ZombieSheep the Slasher (Gnoll Wanderer)            Turns: 1530, Time: 00:03:08

Health: -2/52      AC: 21    Str:  9    XL:     3   Next: 75%
Magic:  4/4        EV:  2    Int: 11    God:    Yredelemnul [**....]
Gold:   98         SH:  0    Dex: 14    Spells: 3/3 levels left

rFire    . . .     SeeInvis +   a - +2 falchion
rCold    . . .     Faith    .   (no shield)
rNeg     + + +     Spirit   .   (armour currently unavailable)
rPois    +         Reflect  .   (helmet currently unavailable)
rElec    .         Harm     .   (cloak currently unavailable)
rCorr    .         Rampage  .   (gloves currently unavailable)
Will     .....     NoTele   +   (boots currently unavailable)
Stlth    +++.......             (no amulet)
HPRegen  0.17/turn              j - ring of see invisible
MPRegen  0.09/turn              (no ring)

@: lethally poisoned (-2 -> -6), tree-form
A: stationary, stasis, torment immunity, boosted hp, (fangs 1), strong nose,
distributed training
a: Renounce Religion, Animate Remains, Recall Undead Slaves, Injury Mirror


You were on level 3 of the Dungeon.
You worshipped Yredelemnul.
Yredelemnul was pleased with you.
You were a tree.
You visited 1 branch of the dungeon, and saw 3 of its levels.

You collected 98 gold pieces.

Inventory:

Hand Weapons
 a - a +2 falchion (weapon)
 d - a +0 dagger
Missiles
 e - 3 javelins (quivered)
Armour
 b - a +0 ring mail (melded)
 h - a +1 cloak (melded)
 i - a +2 helmet (melded)
Jewellery
 j - a ring of see invisible (left branch)
Scrolls
 f - a scroll of enchant armour
 g - a scroll of teleportation {unknown}
Potions
 k - a potion of resistance
 l - a potion of might {unknown}
 m - a potion of invisibility {unknown}


   Skills:
 + Level 6.5 Fighting
 + Level 0.9 Short Blades
 + Level 6.5 Long Blades
 + Level 0.9 Axes
 + Level 0.9 Maces & Flails
 + Level 0.9 Polearms
 + Level 0.9 Staves
 + Level 0.9 Slings
 + Level 0.9 Bows
 + Level 0.9 Crossbows
 + Level 0.9 Throwing
 + Level 2.6 Armour
 + Level 0.9 Dodging
 + Level 4.2 Stealth
 + Level 0.9 Shields
 + Level 0.9 Unarmed Combat
 + Level 0.9 Spellcasting
 + Level 0.6 Conjurations
 + Level 0.6 Hexes
 + Level 0.6 Summonings
 + Level 0.6 Necromancy
 + Level 0.6 Translocations
 + Level 0.6 Transmutations
 + Level 0.6 Fire Magic
 + Level 0.6 Ice Magic
 + Level 0.6 Air Magic
 + Level 0.6 Earth Magic
 + Level 0.6 Poison Magic
 + Level 1.0 Invocations
 + Level 2.6 Evocations


You had 3 spell levels left.
You didn't know any spells.
Your spell library contained the following spells:

 Spells                   Type           Power      Damage    Failure   Level
 Corpse Rot               Necr/Air       N/A        N/A       36%         2
 Dispel Undead            Necr           1%         3d6       94%         4
 Death Channel            Necr           0%         N/A       100%        6


Dungeon Overview and Level Annotations

Branches:
Dungeon (3/15)

Altars:
Yredelemnul


Innate Abilities, Weirdness & Mutations

You are a tree.
Your roots penetrate the ground, keeping you stationary.
You cannot be teleported.
You are immune to unholy pain and torment.
Your maximum health is greatly increased.
Your equipment is partially melded.
((You have very sharp teeth.))
Your uncanny sense of smell can sniff out nearby items.
Your experience applies equally to all skills.


Message History

Your ball python zombie grabs the gnoll.
Your ball python zombie constricts the gnoll.
The gnoll struggles to escape constriction.
Your ball python zombie bites the gnoll.
Your ball python zombie constricts the gnoll.
You hit the adder.
The adder is heavily wounded.
The adder bites you.
You are poisoned.
The adder poisons you!
The gnoll hits your ball python zombie with a +0 whip!
Your ball python zombie is destroyed!
The adder barely misses you.
You feel sick.
You hit the adder.
The adder is heavily wounded.
You feel sick. The adder bites you.
You are more poisoned.
The adder poisons you!
You turn into a tree.
Your +1 cloak melds into your body.
Your +2 helmet melds into your body.
Your +0 ring mail melds into your body.
Your roots penetrate the ground.
You feel very sick. The adder bites you but does no damage.
The gnoll hits you but does no damage.
You closely miss the adder.
The adder is heavily wounded.
You feel sick. The adder bites you but does no damage.
The gnoll hits you from afar with a +0 halberd!
You hit the adder.
The adder is almost dead.
You feel sick. The adder bites you but does no damage.
The gnoll hits you from afar with a +0 halberd.
* * * LOW HITPOINT WARNING * * *
The adder bites you but does no damage.
You hit the adder.
The adder is almost dead.
You feel sick. The adder bites you but does no damage.
The gnoll hits you from afar with a +0 halberd!
You die...
Your body rises from the dead as a mindless zombie.

)...#.####.#####.#.#
#...#.# .....#.#
#.......#.. #......
######.#
#######.#####.#.#...#
..............#......
#######.#####.#.##..#
#....# #...<..
#######.##.# ∆
#.###.. ...........#
#...... #######♣#..#
#.####.
#S##.#.#####......
#gg..#........####
#....#.#####..# #
.....# #..# # ##....#
#.## # ##...# #.# #
...# #.# # ...# #.# #


You could see 2 gnolls and an adder.

Vanquished Creatures
  2 worms
  2 dart slugs
  An orc (D:3)
  4 ball pythons
  A bat (D:2)
  An endoplasm (D:2)
  A giant cockroach (D:2)
  6 goblins
  4 hobgoblins
  2 quokkas (D:1)
  10 frilled lizards (D:2)
  3 rats
37 creatures vanquished.

Vanquished Creatures (others)
  A ball python zombie (D:3)
  5 plants (D:2)
6 creatures vanquished.

Grand Total: 43 creatures vanquished

Notes
Turn   | Place    | Note
-------+----------+-------------------------------------------
     0 | D:1      | ZombieSheep the Gnoll Wanderer began the quest for the Orb.
     0 | D:1      | ZombieSheep set off with the following items: a +2
                  | falchion, a +0 ring mail, a potion of lignification, a +0
                  | dagger
     0 | D:1      | Reached XP level 1. HP: 23/23 MP: 1/1
   264 | D:1      | Reached XP level 2. HP: 27/29 MP: 2/2
   405 | D:1      | Found a faded altar of an unknown god.
   414 | D:1      | Became a worshipper of Yredelemnul the Dark
   414 | D:1      | Reached * piety under Yredelemnul
   740 | D:2      | Reached XP level 3. HP: 33/35 MP: 3/3
   883 | D:2      | Reached skill level 1 in Invocations
  1096 | D:2      | Identified a scroll of acquirement
  1096 | D:2      | Acquired a ring of see invisible
  1126 | D:3      | Reached ** piety under Yredelemnul
  1530 | D:3      | Slain by a gnoll

Illustrated notes

Levels and vault maps discovered:
D:1:      lightli_arrival_windingriver, layout_basic, basic_ecumenical_altar
D:2:      layout_rooms, grunt_ministairs_1, minmay_lizard_king
D:3:      layout_basic, mainiacjoe_overflow_alcove_2, roderic_lattice_a

Skill      XL: |  1  2  3 |
---------------+----------+-----
Invocations    | 1 |  1.0
Fighting       | |  6.5
Short Blades   | |  0.9
Long Blades    | |  6.5
Axes           | |  0.9
Maces & Flails | |  0.9
Polearms       | |  0.9
Staves         | |  0.9
Slings         | |  0.9
Bows           | |  0.9
Crossbows      | |  0.9
Throwing       | |  0.9
Armour         | |  2.6
Dodging        | |  0.9
Stealth        | |  4.2
Shields        | |  0.9
Unarmed Combat | |  0.9
Spellcasting   | |  0.9
Conjurations   | |  0.6
Hexes          | |  0.6
Summonings     | |  0.6
Necromancy     | |  0.6
Translocations | |  0.6
Transmutations | |  0.6
Fire Magic     | |  0.6
Ice Magic      | |  0.6
Air Magic      | |  0.6
Earth Magic    | |  0.6
Poison Magic   | |  0.6
Evocations     | |  2.6

Action                   || total
-------------------------++-------
Melee: Falchion          ||   105
       Bite              ||     6
Invok: Animate Remains   ||     1
  Use: Scroll            ||     4
       Potion            ||     1
 Stab: Sleeping          ||     4
       Distracted        ||     1
Armor: Ring mail         ||    39
       Skin              ||     6
Dodge: Dodged            ||    32
       Rpst.: Falchion   ||     9
